 Dungeon Crawl Stone Soup version 0.19.0-16-g73b5abf (webtiles) character file.

1066 Millan the Chopper (level 8, 0/68 HPs)
             Began as a Minotaur Fighter on Nov 10, 2016.
             Was a Follower of Makhleb.
             Slain by an ice beast (7 damage)
             ... on level 6 of the Dungeon.
             The game lasted 00:09:00 (4192 turns).

Millan the Chopper (Minotaur Fighter)               Turns: 4192, Time: 00:09:01

Health: 0/68       AC: 10    Str: 28    XL:     8   Next: 7%
Magic:  7/7        EV:  9    Int:  5    God:    Makhleb [*.....]
Gold:   203        SH: 11    Dex: 10    Spells: 0 memorised, 7 levels left

rFire  + . .     SeeInvis .     a - +0 war axe
rCold  . . .     Gourm    +     b - +0 scale mail
rNeg   . . .     Faith    .     c - +0 shield
rPois  .         Spirit   .     (helmet restricted)
rElec  .         Reflect  .     x - +0 cloak
rCorr  .         Harm     .     o - +0 pair of gloves (curse)
MR     .....                    (no boots)
Stlth  +.........               C - amulet of the gourmand
                                D - ring of protection from fire
                                q - ring of stealth

@: mighty
A: retaliatory headbutt, horns 2
a: Renounce Religion


You were on level 6 of the Dungeon.
You worshipped Makhleb.
Makhleb was aware of your devotion.
You were very full.

You visited 1 branch of the dungeon, and saw 6 of its levels.

You collected 203 gold pieces.

Inventory:

Hand Weapons
 a - a +0 war axe (weapon)
Armour
 b - a +0 scale mail (worn)
 c - a +0 shield (worn)
 o - a cursed +0 pair of gloves (worn)
 x - a +0 cloak (worn)
 y - a +2 pair of gloves
Jewellery
 q - a ring of stealth (left hand)
 C - an amulet of the gourmand (around neck)
 D - a ring of protection from fire (right hand)
Wands
 z - a wand of slowing (16/48)
 B - a wand of hasting (0/9)
 E - a wand of disintegration (10/24)
Scrolls
 e - a scroll of enchant weapon {unknown}
 h - 2 scrolls of enchant armour {unknown}
 j - a scroll of blinking {unknown}
 l - a scroll of amnesia {unknown}
 m - 4 scrolls of identify {unknown}
 n - 4 scrolls of teleportation {unknown}
 t - a scroll of immolation {unknown}
 w - 3 scrolls of remove curse {unknown}
Potions
 d - a potion of might
 g - a potion of degeneration {unknown}
 k - 2 potions of cure mutation {unknown}
 p - 4 potions of brilliance {unknown}
 r - 3 potions of ambrosia {unknown}
 s - a potion of curing
 u - a potion of berserk rage {unknown}
 v - 3 potions of agility {unknown}
 F - 2 potions of haste
Comestibles
 f - 6 bread rations
 i - 10 meat rations


   Skills:
 + Level 5.3 Fighting
 + Level 7.3 Axes
 + Level 6.6 Armour
 + Level 1.5 Dodging
 + Level 0.3 Stealth
 + Level 6.3 Shields


You had 7 spell levels left.
You didn't know any spells.

Dungeon Overview and Level Annotations

Branches:
Dungeon (6/15)
 Temple: D:4-7

Altars:
Dithmenos
Elyvilon
Fedhas
Makhleb


Innate Abilities, Weirdness & Mutations

You reflexively headbutt those who attack you in melee.
You have a pair of horns on your head.


Message History

You barely miss the ice beast. You headbutt the ice beast!
The ice beast is almost dead.
The orc hits you from afar with a trident.
* * * LOW HITPOINT WARNING * * *
The ice beast hits you but does no damage. x2
You completely miss the ice beast.
The ice beast is almost dead.
The orc hits you from afar with a trident.
* * * LOW HITPOINT WARNING * * *
The ice beast hits you but does no damage.
The orc closely misses you.
You feel better.
The orc wizard points at you and mumbles some strange words.
The magic dart hits you!
* * * LOW HITPOINT WARNING * * *
The orc wizard casts a spell.
The ice beast hits you.
* * * LOW HITPOINT WARNING * * *
The ice beast freezes you!
You die...

.# .. .##.#####
##
........###...#
#..<......#
#.#.###)###
#o#)####
##.#.#)#Y...#
#....o)@#####
......#.....#
#...# ......#
### #.#.##.# .#
.# .. .# .# ..
# ## .


You could see an ice beast, an orc wizard and an orc.

Vanquished Creatures
  The ghost of Malachi the Grave Robber, an amateur DDNe (D:3)
  An ice beast (D:5)
  A gnoll sergeant (D:6)
  A crimson imp (D:5)
  A quasit (D:5)
  3 orc priests
  A hound (D:3)
  9 orc wizards
  3 worker ants
  9 gnolls
  5 adders
  2 shadow imps (D:5)
  An ooze (D:3)
  An adder skeleton (D:4)
  3 dart slugs
  6 leopard geckos
  14 orcs
  9 giant cockroaches
  7 goblins
  4 hobgoblins
  3 jackals (D:5)
  10 kobolds
  4 quokkas
  10 bats
  A frilled lizard (D:1)
  A leopard gecko zombie (D:5)
  A quokka zombie (D:5)
  12 rats
124 creatures vanquished.

Vanquished Creatures (others)
  A giant cockroach (D:4)
1 creature vanquished.

Grand Total: 125 creatures vanquished

Notes
Turn   | Place    | Note
-------+----------+-------------------------------------------
     0 | D:1      | Millan the Minotaur Fighter began the quest for the Orb.
     0 | D:1      | Reached XP level 1. HP: 19/19 MP: 0/0
   231 | D:1      | Reached XP level 2. HP: 26/27 MP: 1/1
   708 | D:1      | Reached XP level 3. HP: 27/33 MP: 2/2
  1395 | D:3      | Reached XP level 4. HP: 40/40 MP: 3/3
  1434 | D:3      | Reached skill level 3 in Axes
  1499 | D:3      | Reached skill level 5 in Armour
  1499 | D:3      | Reached XP level 5. HP: 8/46 MP: 4/4
  1515 | D:3      | Noticed Malachi's ghost (amateur DDNe)
  1766 | D:3      | Killed Malachi's ghost
  1766 | D:3      | Reached skill level 4 in Axes
  1766 | D:3      | Reached skill level 5 in Shields
  1766 | D:3      | Reached XP level 6. HP: 34/53 MP: 5/5
  1841 | D:3      | Reached skill level 1 in Dodging
  2201 | D:3      | Found a shadowy altar of Dithmenos.
  2201 | D:3      | Found a faded altar of an unknown god.
  2207 | D:3      | Found a burning altar of Makhleb.
  2209 | D:3      | Found a faded altar of an unknown god.
  2211 | D:3      | Found a faded altar of an unknown god.
  2328 | D:3      | Became a worshipper of Makhleb the Destroyer
  2482 | D:3      | Reached skill level 5 in Axes
  2871 | D:4      | Found a white marble altar of Elyvilon.
  3020 | D:4      | Reached XP level 7. HP: 59/60 MP: 6/6
  3187 | D:5      | Entered Level 5 of the Dungeon
  3417 | D:5      | Reached * piety under Makhleb
  3417 | D:5      | Reached skill level 6 in Axes
  3441 | D:5      | Found a blossoming altar of Fedhas.
  3613 | D:5      | Reached skill level 5 in Fighting
  4169 | D:6      | Reached skill level 7 in Axes
  4182 | D:6      | Reached XP level 8. HP: 63/68 MP: 7/7
  4192 | D:6      | Slain by an ice beast

Skill      XL: |  1  2  3  4  5  6  7 |
---------------+----------------------+-----
Armour         | 4 5 6 |  6.6
Shields        | 4 5 6 |  6.3
Axes           | 3 4 5 7 |  7.3
Fighting       | 4 5 |  5.3
Dodging        | 1 |  1.5
Stealth        | |  0.3

Action                   |  1- 3 |  4- 6 |  7- 9 || total
-------------------------+-------+-------+-------++-------
Melee: War axe           |   123 |    97 |    99 ||   319
       Headbutt          |    13 |    17 |    18 ||    48
Evoke: Wand              |       |       |     1 ||     1
  Use: Potion            |       |     1 |     2 ||     3
  Eat: Chunk             |     1 |     1 |    15 ||    17
       Meat ration       |       |     1 |       ||     1
Armor: Scale mail        |    56 |    44 |    76 ||   176
Dodge: Dodged            |    35 |    21 |    62 ||   118
Block: Shield            |    76 |    51 |    93 ||   220
